 Dungeon Crawl Stone Soup version 0.30-b1-2-g02819fbbbe (webtiles) character file.

Game seed: 4262953929272632615

231 m76s the Covered (level 5, -3/47 HPs)
             Began as a Minotaur Fighter on Oct 18, 2023.
             Killed from afar by a white imp (14 damage)
             ... with a puff of frost
             ... on level 4 of the Dungeon.
             The game lasted 00:27:42 (2015 turns).

m76s the Covered (Minotaur Fighter)                 Turns: 2015, Time: 00:27:43

Health: -3/47      AC:  5    Str: 21    XL:     5   Next: 72%
Magic:  4/4        EV: 11    Int:  5    God:
Gold:   180        SH:  5    Dex: 11    Spells: 4/4 levels left

rFire   . . .        x - +0 dagger (elec)
rCold   . . .        c - +0 buckler
rNeg    . . .        h - +1 leather armour {Will+}
rPois   .            (helmet restricted)
rElec   .            (no cloak)
rCorr   .            m - +0 pair of gloves
SInv    .            (no boots)
Will    +....        (no amulet)
Stlth   +            (no ring)
HPRegen 0.27/turn    (no ring)
MPRegen 0.09/turn

%: no passive effects
@: no status effects
A: horns 2, retaliatory headbutt
a: no special abilities


You were on level 4 of the Dungeon.
You visited 1 branch of the dungeon, and saw 4 of its levels.

You collected 180 gold pieces.

Inventory:

Hand Weapons
 a - a +0 long sword
 k - a +2 hand axe of flaming
 l - the +3 sling of Defenestration {drain, rElec rPois rC+ Str-5}
   (You found it on level 2 of the Dungeon)

   Str:       It affects your strength (-5).
   rC:        It protects you from cold.
   rElec:     It insulates you from electricity.
   rPois:     It protects you from poison.
 p - a +2 dagger of flaming
 x - a +0 dagger of electrocution (weapon)
Armour
 b - a +0 scale mail
 c - a +0 buckler (worn)
 h - a +1 leather armour of willpower (worn)
 m - a +0 pair of gloves (worn)
 s - a +0 barding
 y - a +0 robe
Wands
 g - a wand of digging (7)
 o - a wand of mindburst (13)
Scrolls
 e - a scroll of teleportation
 n - 3 scrolls of identify
 q - 2 scrolls of fear
 z - a scroll of blinking
 A - a scroll of magic mapping {unknown}
 C - a scroll of amnesia {unknown}
Potions
 d - 2 potions of might
 f - a potion of attraction {unknown}
 i - a potion of lignification {unknown}
 u - 2 potions of curing {unknown}
 w - a potion of degeneration {unknown}


   Skills:
 + Level 4.7 Fighting
 + Level 1.2(2.4) Short Blades
 + Level 3.5(3.7) Long Blades
 + Level 5.3 Armour
 + Level 1.0 Dodging
 + Level 0.5 Stealth
 + Level 4.6 Shields


You had 4 spell levels left.
You didn't know any spells.
Your spell library contained the following spells:

 Spells                   Type           Power      Damage    Failure   Level
 Sting                    Tmut/Pois      0%         1d3       58%         1
 Poisonous Vapours        Pois/Air       0%         N/A       75%         2
 Dazzling Flash           Conj/Hex       0%         N/A       92%         3
 Olgreb's Toxic Radiance  Pois           0%         N/A       100%        4
 Agony                    Necr           0%         N/A       100%        5
 Silence                  Hex/Air        0%         N/A       100%        5


Dungeon Overview and Level Annotations

Branches:
Dungeon (4/15)
 Temple: D:4-7

Altars:

Shops:
D:4 =


Innate Abilities, Weirdness & Mutations

You have a pair of horns on your head.
You reflexively headbutt those who attack you in melee.


Message History

You hit Duvessa but do no damage.
Duvessa is lightly wounded.
Duvessa closely misses you. Duvessa hits you with a +0 rapier.
You hit Duvessa but do no damage.
Duvessa is lightly wounded.
A white imp comes into view.
An ogre comes into view. It is wielding a +0 giant club.
Duvessa hits you with a +0 rapier!
You feel much better.
The ogre shouts!
You block Duvessa's attack. Duvessa hits you with a +0 rapier!
You hit Duvessa but do no damage. Lightning courses through Duvessa!
Duvessa is moderately wounded.
You block Duvessa's attack.
You hit Duvessa but do no damage. Lightning courses through Duvessa!
Duvessa is heavily wounded.
Duvessa barely misses you.
The white imp shouts, "Surrender, thou foisting weather-bitten cretin!"
You closely miss Duvessa. You headbutt Duvessa.
Duvessa is severely wounded.
Duvessa hits you with a +0 rapier! You block Duvessa's attack.
You hit Duvessa but do no damage.
Duvessa is severely wounded.
Duvessa hits you with a +0 rapier!
* * * LOW HITPOINT WARNING * * *
You feel much better. Duvessa hits you with a +0 rapier! x2
You hit Duvessa. Lightning courses through Duvessa!
Duvessa is almost dead.
Duvessa barely misses you.
You hit Duvessa but do no damage. You headbutt Duvessa, but do no damage.
Duvessa is severely wounded.
Duvessa barely misses you. You furiously retaliate!
You headbutt Duvessa!
You kill Duvessa!
You hear some strange, mumbled words.
A puff of flame appears from out of thin air!
The puff of flame hits you!
* * * LOW HITPOINT WARNING * * *
The white imp gestures at you. The puff of frost hits you!
You die...

### #.. ########### #.# .
#.†.<...##...###.# ~~
#.#####.........@# o~.
.........#...###)## ~~~§
#.#####........55{##.~~.~
#.## .......O...P.o..
...## .........#######
#...# .........[.....#
....# #...##...#####.#
#.#.# #......#.......#
#.#.# #..###...#####.#


You could see an ogre, a quasit and a white imp.

Vanquished Creatures
  Duvessa (D:4)
  Dowan (D:4)
  An orc priest (D:3)
  Jessica (D:3)
  Ijyb (D:3)
  An adder (D:4)
  A dart slug (D:2)
  8 orcs
  10 ball pythons
  5 endoplasms
  5 giant cockroaches
  10 goblins
  18 jackals
  2 kobolds
  3 bats
  5 rats
73 creatures vanquished.

Vanquished Creatures (others)
  3 demonic plants (D:4)
3 creatures vanquished.

Grand Total: 76 creatures vanquished

Notes
Turn   | Place    | Note
-------+----------+-------------------------------------------
     0 | D:1      | m76s the Minotaur Fighter began the quest for the Orb.
     0 | D:1      | Reached XP level 1. HP: 19/19 MP: 0/0
   289 | D:1      | Reached XP level 2. HP: 26/27 MP: 1/1
   406 | D:2      | Identified the +3 sling of Defenestration {drain, rElec
                  | rPois rC+ Str-5}
   560 | D:2      | Reached skill level 4 in Armour
   560 | D:2      | Reached XP level 3. HP: 28/33 MP: 2/2
   879 | D:3      | Found a faded altar of an unknown god.
  1014 | D:3      | Reached XP level 4. HP: 33/40 MP: 3/3
  1058 | D:3      | Noticed Jessica
  1071 | D:3      | Killed Jessica
  1474 | D:3      | Noticed Ijyb
  1484 | D:3      | Killed Ijyb
  1485 | D:3      | Reached skill level 5 in Armour
  1485 | D:3      | Reached XP level 5. HP: 45/47 MP: 4/4
  1861 | D:4      | Found Oreosiappa's Jewellery Shop.
  1978 | D:4      | Noticed Dowan
  1979 | D:4      | Noticed Duvessa
  1995 | D:4      | Killed Dowan
  1996 | D:4      | Reached skill level 1 in Short Blades
  1996 | D:4      | Reached skill level 1 in Dodging
  2007 | D:4      | Noticed an ogre
  2015 | D:4      | Killed Duvessa
  2015 | D:4      | Killed from afar by a white imp

Illustrated notes

Levels and vault maps discovered:
D:1:      minmay_arrival_split_and_join, layout_loops_ring
D:2:      minmay_diamond_boxcup, layout_rooms
D:3:      kennysheep_goblin_castle, layout_loops_cross,
          shapermc_ecumenical_altar_notcrosses, kennysheep_donut, uniq_jessica
D:4:      layout_loops_ring, serial_demonic, serial_demonic_e, serial_demonic_b,
          serial_demonic_g, serial_demonic_d, serial_demonic_a,
          serial_demonic_b, serial_demonic_d, serial_demonic_f, serial_shops,
          shop, uniq_duvessa

Skill      XL: |  1  2  3  4  5 |
---------------+----------------+-----
Shields        | 4 |  4.6
Fighting       | 4 |  4.7
Armour         | 4 5 |  5.3
Long Blades    | 3 |  3.5
Short Blades   | 1 |  1.2
Dodging        | 1 |  1.0
Stealth        | |  0.5

Action                     |  1- 3 |  4- 6 || total
---------------------------+-------+-------++-------
  Melee: Long sword        |    68 |     1 ||    69
         Headbutt          |    10 |    10 ||    20
         Dagger            |       |   102 ||   102
    Use: Potion            |     2 |     2 ||     4
         Scroll            |     2 |     1 ||     3
 Armour: Scale mail        |    26 |    34 ||    60
         Leather armour    |       |    20 ||    20
  Dodge: Dodged            |    37 |    47 ||    84
  Block: Buckler           |    18 |    28 ||    46
